 Dungeon Crawl Stone Soup version 0.28.0-53-g5a82cb258f (webtiles) character file.

Game seed: 17369518631670400735

65 pkoi the Gusty (level 3, -5/26 HPs)
             Began as a Demigod Air Elementalist on May 26, 2022.
             Killed by nerve-wracking pain
             ... invoked by a shadow imp
             ... summoned by Natasha
              (11 damage)
             ... on level 2 of the Dungeon.
             The game lasted 00:01:36 (2340 turns).

pkoi the Gusty (Demigod Air Elementalist)           Turns: 2340, Time: 00:01:37

Health: -5/26      AC:  2    Str: 15    XL:     3   Next: 66%
Magic:  0/8        EV: 12    Int: 21    God:
Gold:   34         SH:  0    Dex: 14    Spells: 3/6 levels left

rFire   . . .      SeeInvis .   d - +0 club
rCold   . . .      Faith    .   (no shield)
rNeg    . . .      Spirit   .   a - +0 robe
rPois   .          Reflect  .   (no helmet)
rElec   .          Harm     .   (no cloak)
rCorr   .          Rampage  .   (no gloves)
Will    .....                   (no boots)
Stlth   ++........              (no amulet)
HPRegen 0.08/turn               b - +6 ring of strength
MPRegen 0.11/turn               (no ring)

@: very slightly contaminated, slowed, very slow
A: high MP 1, forlorn, divine attributes
a: no special abilities


You were on level 2 of the Dungeon.
You visited 1 branch of the dungeon, and saw 2 of its levels.

You collected 34 gold pieces.

Inventory:

Hand Weapons
 d - a +0 club (weapon)
Armour
 a - a +0 robe (worn)
Jewellery
 b - a +6 ring of strength (left hand)
Scrolls
 c - a scroll of immolation {unknown}
 f - a scroll of amnesia {unknown}
Potions
 e - a potion of resistance {unknown}
 g - a potion of degeneration {unknown}


   Skills:
 - Level 2.3 Dodging
 - Level 2.3 Stealth
 - Level 2.2 Spellcasting
 - Level 1.6 Conjurations
 + Level 3.2 Air Magic


You had 3 spell levels left.
You knew the following spells:

 Your Spells              Type           Power      Damage    Failure   Level
a - Shock                 Conj/Air       48%        1d6       5%          1
b - Static Discharge      Conj/Air       12%        N/A       9%          2

Your spell library contained the following spells:

 Spells                   Type           Power      Damage    Failure   Level
 Swiftness                Air            15%        N/A       12%         3
 Airstrike                Air            7%         N/A       36%         4


Dungeon Overview and Level Annotations

Branches:
Dungeon (2/15)

Shops:
D:2 *(

Annotations:
D:2 Natasha


Innate Abilities, Weirdness & Mutations

You have an increased reservoir of magic. (+10% MP)
You shall have no god before yourself.
Your divine heritage dramatically boosts your attributes as you level up.


Message History

Nothing appears to happen.
Natasha claws you.
* * * LOW HITPOINT WARNING * * *
Unknown command.
Unknown command.
Natasha mewls in sadness.
Natasha claws you.
* * * LOW HITPOINT WARNING * * *
Aiming: Shock (safe; 5% risk of failure)
Press: ? - help, Q - select action, (/) - cycle Shift-Dir - straight line, p - Natasha The zap misses Natasha. x2
Natasha stares at you and mumbles some strange words.
You resist with some effort.
Unknown command.
Unknown command.
You hit Natasha but do no damage.
Natasha is severely wounded.
Natasha barely misses you.
Natasha mumbles some strange words.
You barely miss Natasha.
Natasha is severely wounded.
Natasha stares at you and mumbles some strange words.
The magic dart hits you.
* * * LOW HITPOINT WARNING * * *
You hit Natasha.
Natasha is almost dead.
The kobold shouts!
A ball python comes into view.
Natasha closely misses you.
Unknown command.
Aiming: Shock (safe; 5% risk of failure)
Press: ? - help, Q - select action, (/) - cycle Shift-Dir - straight line You miscast Shock.
Nothing appears to happen.
Natasha barely misses you. The shadow imp closely misses you.
Unknown command.
Unknown command.
Natasha casts a spell at you.
You feel yourself slow down. The shadow imp gestures at you.
Pain shoots through your body!
You die...

#....>.........†.......
#......#######.......#.
#...........#..........
##......####.#.)....###.
.................... ...
........#####....... .#.
........................
#######.###........ ##
#@###....### ####
##.h....... ....
#..5......# ####
#.......... #....K.....
#.....S.#+# ####....'∩
....#'# .......


You could see Natasha, a shadow imp (summoned), a ball python and a kobold.

Vanquished Creatures
  Natasha (D:2)
  A worm (D:2)
  4 dart slugs
  A ball python (D:1)
  A bat (D:1)
  4 endoplasms
  3 hobgoblins (D:1)
  4 jackals (D:1)
  3 kobolds (D:1)
  A quokka (D:1)
  A frilled lizard (D:2)
  A goblin (D:1)
  2 rats
27 creatures vanquished.

Notes
Turn   | Place    | Note
-------+----------+-------------------------------------------
     0 | D:1      | pkoi the Demigod Air Elementalist began the quest for the
                  | Orb.
     0 | D:1      | Reached XP level 1. HP: 14/14 MP: 5/5
   315 | D:1      | Reached skill level 1 in Conjurations
   625 | D:1      | Reached XP level 2. HP: 20/20 MP: 1/7
  1317 | D:1      | Reached skill level 3 in Air Magic
  1514 | D:2      | Noticed Natasha
  1538 | D:1      | Learned a level 2 spell: Static Discharge
  1823 | D:2      | Killed Natasha
  1824 | D:2      | Reached XP level 3. HP: 20/26 MP: 0/8
  2265 | D:2      | Found Vykkov's Assorted Antiques.
  2322 | D:2      | Noticed Natasha
  2328 | D:2      | Found Gaubesuu's Antique Weapon Shoppe.
  2340 | D:2      | Killed from afar by a shadow imp

Illustrated notes

Levels and vault maps discovered:
D:1:      minmay_arrival_radiant_lines, layout_loops_ring, serial_bayou_pond_e
D:2:      layout_basic, serial_shops, shop, shop_fountains,
          nicolae_shop_crystal, nicolae_shop_window_shopping,
          nicolae_shop_behind_doors, ebering_ecumenical_altar_sacrificial,
          lightli_corner_chamber, uniq_natasha

Skill      XL: |  1  2 |
---------------+-------+-----
Conjurations   | 1 |  1.6
Stealth        | 2 |  2.3
Dodging        | 2 |  2.3
Spellcasting   | 2 |  2.2
Air Magic      | 3 |  3.2

Action                   || total
-------------------------++-------
Melee: Club              ||    22
 Cast: Shock             ||    64
       Static Discharge  ||     5
Armor: Robe              ||     5
Dodge: Dodged            ||    28
